 Dungeon Crawl Stone Soup version 0.27.1 (webtiles) character file.

Game seed: 1643335577069832234

22551 Malachi the Unseen (level 13, -8/135 HPs)
             Began as an Octopode Berserker on Aug 25, 2021.
             Was a High Priest of Trog.
             Mangled by a spriggan (9 damage)
             ... on level 2 of the Lair of Beasts.
             The game lasted 00:18:18 (15509 turns).

Malachi the Unseen (Octopode Berserker)            Turns: 15509, Time: 00:18:19

Health: -8/135     AC:  5    Str: 21    XL:     13   Next: 1%
Magic:  11/22      EV: 17    Int:  9    God:    Trog [*****.]
Gold:   798        SH: 10    Dex: 14    Spells: 12/12 levels left

rFire    . . .     SeeInvis .   z - +2 war axe (spect)
rCold    + . .     Faith    .   q - +1 buckler
rNeg     . . .     Spirit   .   B - +0 hat
rPois    .         Reflect  .   (no amulet)
rElec    .         Harm     .   t - +4 ring of protection
rCorr    .         Rampage  .   y - ring of protection from cold
Will     .....                  C - ring of magical power
Stlth    ..........             G - ring of flight
HPRegen  0.32/turn              (no ring)
MPRegen  0.18/turn              (no ring)
                                (no ring)
                                (no ring)

@: berserking, flying, very quick
A: almost no armour, amphibious, 8 rings, camouflage 1, gelatinous body 1,
(nimble swimmer 1), tentacles, large bone plates 1, agile 1
a: Renounce Religion, Berserk, Trog's Hand, Brothers in Arms


You were on level 2 of the Lair of Beasts.
You worshipped Trog.
Trog was extremely pleased with you.
You visited 2 branches of the dungeon, and saw 13 of its levels.
You also visited: Sewer.

You collected 798 gold pieces.

Inventory:

Hand Weapons
 a - a +1 hand axe of freezing
 h - a +5 dire flail of venom
 x - the +5 flail of Incongruity {venom, rC- rCorr Int+4}
   (You found it on level 9 of the Dungeon)

   It poisons the flesh of those it strikes.
   Int:       It affects your intelligence (+4).
   rC:        It makes you vulnerable to cold.
   rCorr:     It protects you from acid and corrosion.
 z - a +2 spectral war axe (weapon)
Missiles
 r - 4 throwing nets (quivered)
 E - 8 boomerangs of dispersal
Armour
 p - the -1 kite shield of Caalo {rCorr}
   (You found it in a sewer)

   rCorr:     It protects you from acid and corrosion.
 q - a +1 buckler (worn)
 B - a +0 hat (worn)
Jewellery
 t - a +4 ring of protection (left tentacle)
 v - a ring of ice
 y - a ring of protection from cold (right tentacle)
 C - a ring of magical power (on tentacle)
 G - a ring of flight (on tentacle)
Wands
 d - a wand of iceblast (9)
 u - a wand of flame (17)
 w - a wand of paralysis (7)
 A - a wand of acid (3)
 D - a wand of mindburst (14)
Scrolls
 b - 8 scrolls of identify
 e - 4 scrolls of teleportation
 i - a scroll of magic mapping
 j - 3 scrolls of fear
 l - a scroll of blinking
 n - 2 scrolls of amnesia
 o - 3 scrolls of fog
 s - a scroll of enchant armour
Potions
 c - 7 potions of curing
 f - 3 potions of might
 g - 4 potions of lignification
 k - 3 potions of invisibility
 m - a potion of resistance
 F - a potion of haste


   Skills:
 + Level 9.2 Fighting
 + Level 13.5 Axes
 + Level 8.3 Dodging
 + Level 15.1 Stealth
 - Level 4.0 Shields
 + Level 1.0 Evocations


You had 12 spell levels left.
You didn't know any spells.
Your spell library contained the following spells:

 Spells                   Type           Power      Damage    Failure   Level
 Corpse Rot               Necr/Air       N/A        N/A       52%         2
 Poisonous Vapours        Pois/Air       0%         N/A       52%         2
 Freezing Cloud           Conj/Ice/Air   0%         6-21      100%        5


Dungeon Overview and Level Annotations

Branches:
Dungeon (11/15)            Temple (0/1) D:5            Lair (2/6) D:10
  Sewer (visited)
  Swamp: Lair:2-4    Shoals: Lair:2-4     Snake: Lair:2-4    Spider: Lair:2-4
    Orc: D:9-12

Altars:
Dithmenos
Elyvilon
Gozag
Hepliaklqana
Makhleb
Okawaru
Qazlal
Sif Muna
Trog
Vehumet
Xom
Yredelemnul
Zin
The Shining One

Annotations:
Lair:2 1 transporter, ragnag's ghost, journeyman SpEE


Innate Abilities, Weirdness & Mutations

You cannot wear most types of armour.
You are amphibious.
You can wear up to eight rings at the same time.
Your skin changes colour to match your surroundings (Stealth+).
Your rubbery body absorbs attacks. (AC +1, EV +1)
((You are camouflaged near water. (Stealth+)))
You have tentacles for arms and can constrict up to eight enemies at once.
You are partially covered in large bone plates. (SH +4)
You are agile. (Dex +2)


Message History

Aim: a spriggan rider, wielding a +0 vorpal trident and wearing a +2 robe (severely wounded, berserk, unaware, hasn't noticed you, about 53% to evade your +2 spectral war axe)
You catch the helpless spriggan rider completely off-guard!
You slice the spriggan rider!!
You kill the spriggan rider!
Trog accepts your kill.
You kill the hornet!
Trog accepts your kill.
You hit the moth of wrath. You miss the spriggan berserker.
Your +2 spectral war axe hits the moth of wrath!
Your +2 spectral war axe closely misses the spriggan berserker.
You block the spriggan berserker's attack.
The spriggan berserker hits your +2 spectral war axe with a +0 antimagic broad axe!
Your spectral weapon shares its damage with you!
Your Stealth skill increases to level 15!
Unknown command.
Cleave: z) +2 war axe (spect)
Press: ? - help, Dir - move target, f - spriggan berserker
Aim: a spriggan berserker, wielding a +0 antimagic broad axe and wearing a +2 robe (heavily wounded, regenerating, strong-willed, ally target, about 53% to evade your +2 spectral war axe)
You barely miss the spriggan berserker.
Your grab misses the spriggan berserker.
You squeeze the spriggan berserker!
The spriggan berserker is heavily wounded.
You slash the moth of wrath!
You kill the moth of wrath!
Trog accepts your kill.
Your +2 spectral war axe hits the spriggan berserker but does no damage.
Your +2 spectral war axe misses the spriggan.
The spriggan berserker closely misses you.
You have reached level 13!
Cleave: z) +2 war axe (spect)
Press: ? - help, Dir - move target, f/p - spriggan berserker
Aim: a spriggan berserker, wielding a +0 antimagic broad axe and wearing a +2 robe (heavily wounded, regenerating, strong-willed, ally target, about 53% to evade your +2 spectral war axe)
You miss the spriggan berserker.
Your grab misses the spriggan berserker.
Your squeeze misses the spriggan berserker.
The spriggan berserker is heavily wounded.
You closely miss the spriggan.
Your +2 spectral war axe hits the spriggan!!
The spriggan hits you with a +0 rapier!
You die...

##P.####.######
##........##..P###
##...#####.........
###..###...###..#....
#P..##.....####......
##..#....####.#.....#
###.##(...#≈##.##....P
#...#)).....#...#.....
#..©#@i.#._...ii#©....
#...#†i#≈..)##.W#.....
#...######.#≈####....#
#....##....## #..#..#
#.##[##.....# ##......
#.##..###...###.......
##.##....#####.........
#......................
##.....................


You could see a spriggan berserker (regenerating, strong-willed, ally target), a
spriggan and a friendly +2 spectral war axe (summoned).

Vanquished Creatures
  Josephine (D:10)
  Fannar (Lair:1)
  A boulder beetle (D:9)
  A hydra (Lair:1)
  3 two-headed ogres
  A tengu warrior (D:9)
  A lindwurm (D:9)
  A moth of wrath (Lair:2)
  A cyclops (D:11)
  Joseph (D:7)
  A black mamba (Lair:2)
  2 gargoyles (D:10)
  7 cane toads
  A komodo dragon (Lair:1)
  A tengu conjurer (D:9)
  2 trolls
  A jumping spider (D:9)
  2 hornets (Lair:2)
  2 redbacks (D:9)
  3 spriggans (Lair:2)
  5 wraiths (D:10)
  11 yaks
  Eustachio (D:5)
  A basilisk (Lair:1)
  2 steam dragons
  Edmund (D:5)
  2 wargs (D:10)
  An acid dragon (D:10)
  Duvessa (D:5)
  3 water moccasins
  3 ice beasts
  4 black bears
  3 necrophages
  6 orc warriors
  3 wolves (Lair:1)
  2 ogres (D:4)
  A centaur (D:9)
  2 phantoms
  9 bullfrogs
  Dowan (D:5)
  A gnoll sergeant (D:9)
  2 scorpions
  A water moccasin zombie (D:4)
  2 water moccasin skeletons
  4 wights (D:9)
  4 crimson imps (D:8)
  7 howler monkeys
  7 centaur zombies
  3 jellies
  2 lava snakes (D:9)
  2 bullfrog skeletons
  2 hounds
  9 orc priests
  A gnoll shaman (D:7)
  A centaur skeleton (D:7)
  4 iguanas
  8 orc wizards
  A hound skeleton (D:4)
  3 howler monkey zombies
  17 gnolls
  7 adders
  2 river rats (D:6)
  A white imp (D:6)
  A worm (D:4)
  4 dart slugs
  56 orcs
  2 bats
  8 endoplasms
  8 giant cockroaches
  13 goblins
  8 hobgoblins
  10 jackals (D:1)
  9 quokkas
  12 ball pythons
  8 frilled lizards
  9 kobolds
  6 rats
  A spectral hobgoblin (D:10)
342 creatures vanquished.

Vanquished Creatures (collateral kills)
  2 oklob plants (Lair:1)
  A bullfrog (Lair:1)
3 creatures vanquished.

Vanquished Creatures (others)
  A fungus (Lair:2)
  11 plants
12 creatures vanquished.

Grand Total: 357 creatures vanquished

Notes
Turn   | Place    | Note
-------+----------+-------------------------------------------
     0 | D:1      | Malachi the Octopode Berserker began the quest for the Orb.
     0 | D:1      | Reached XP level 1. HP: 16/16 MP: 1/1
    77 | D:1      | Reached XP level 2. HP: 17/21 MP: 2/2
   265 | D:1      | Found a faded altar of an unknown god.
   331 | D:1      | Reached XP level 3. HP: 23/26 MP: 3/3
   409 | D:1      | Reached ** piety under Trog
   897 | D:1      | Reached skill level 1 in Stealth
  1347 | D:2      | Noticed a necrophage
  1357 | D:2      | Killed a necrophage
  1358 | D:2      | Reached skill level 2 in Stealth
  1358 | D:2      | Reached XP level 4. HP: 28/31 MP: 4/4
  1358 | D:2      | Reached XP level 5. HP: 33/36 MP: 5/5
  2162 | D:3      | Reached *** piety under Trog
  2181 | D:3      | Found a radiant altar of Vehumet.
  2186 | D:3      | Reached skill level 3 in Stealth
  2798 | D:4      | Noticed an ice beast
  2798 | D:4      | Noticed a phantom
  2807 | D:4      | Killed a phantom
  2808 | D:4      | Reached skill level 5 in Axes
  2808 | D:4      | Reached skill level 4 in Stealth
  2808 | D:4      | Reached XP level 6. HP: 43/43 MP: 6/6
  2809 | D:4      | Killed an ice beast
  2881 | D:4      | Reached skill level 5 in Stealth
  2881 | D:4      | Reached XP level 7. HP: 34/47 MP: 7/7
  3444 | D:4      | HP: 1/48 [orc (4)]
  4257 | D:4      | Reached **** piety under Trog
  4262 | D:4      | Reached skill level 6 in Stealth
  4619 | D:4      | Gained mutation: You are agile. (Dex +2) [potion of
                  | mutation]
  4619 | D:4      | Gained mutation: You are partially covered in large bone
                  | plates. (SH +4) [potion of mutation]
  4769 | D:5      | Entered Level 5 of the Dungeon
  4809 | D:5      | Reached XP level 8. HP: 43/54 MP: 8/8
  4943 | D:5      | Noticed Duvessa
  4944 | D:5      | Noticed Dowan
  4950 | D:5      | Killed Duvessa
  4953 | D:5      | Killed Dowan
  4954 | D:5      | Found a staircase to the Ecumenical Temple.
  5009 | D:5      | Found a stormy altar of Qazlal.
  5121 | D:5      | Noticed Eustachio
  5135 | D:5      | Killed Eustachio
  5136 | D:5      | Reached skill level 5 in Fighting
  5136 | D:5      | Reached skill level 7 in Stealth
  5136 | D:5      | Reached skill level 1 in Shields
  5403 | D:5      | Noticed Edmund
  5412 | D:5      | Killed Edmund
  5663 | D:6      | Reached XP level 9. HP: 52/61 MP: 9/9
  5980 | D:6      | Reached skill level 8 in Stealth
  6002 | D:6      | Found a glowing drain.
  6006 | Sewer    | Entered a sewer
  6199 | Sewer    | Identified the -1 kite shield of Caalo {rCorr}
  6554 | D:6      | Identified the +1 robe of Knowledge {Str+3}
  6686 | D:6      | Reached skill level 9 in Stealth
  7355 | D:7      | Found a glowing golden altar of the Shining One.
  7392 | D:7      | Noticed Joseph
  7406 | D:7      | Killed Joseph
  7407 | D:7      | Reached skill level 5 in Dodging
  8052 | D:7      | Reached XP level 10. HP: 68/68 MP: 10/10
  8634 | D:8      | Found a burning altar of Makhleb.
  8732 | D:8      | Noticed a two-headed ogre
  8745 | D:8      | Killed a two-headed ogre
  8746 | D:8      | Reached skill level 10 in Axes
  8746 | D:8      | Reached skill level 10 in Stealth
  8927 | D:8      | Found a shimmering altar of Xom.
  8946 | D:8      | Reached ***** piety under Trog
  9299 | D:9      | Identified the +5 flail of Incongruity {venom, rC- rCorr
                  | Int+4}
  9346 | D:9      | Reached skill level 11 in Stealth
  9367 | D:9      | Received a gift from Trog
  9446 | D:9      | Noticed a tengu warrior
  9457 | D:9      | Killed a tengu warrior
  9862 | D:9      | Found a runed translucent door.
 10180 | D:9      | Reached XP level 11. HP: 74/74 MP: 11/11
 10184 | D:9      | Found a runed translucent gate.
 10184 | D:9      | Found a runed translucent gate.
 10184 | D:9      | Found a runed translucent gate.
 10184 | D:9      | Found a runed translucent gate.
 10184 | D:9      | Found a runed translucent gate.
 10184 | D:9      | Found a runed translucent gate.
 10184 | D:9      | Noticed a boulder beetle
 10184 | D:9      | Noticed a lindwurm
 10236 | D:9      | Killed a boulder beetle
 10237 | D:9      | Reached skill level 12 in Stealth
 10494 | D:9      | Killed a lindwurm
 10836 | D:10     | Entered Level 10 of the Dungeon
 10841 | D:10     | Noticed Josephine
 10851 | D:10     | Killed Josephine
 10908 | D:10     | Found an iron altar of Okawaru.
 11397 | D:10     | Noticed a two-headed ogre
 11404 | D:10     | Killed a two-headed ogre
 11583 | D:10     | Found a staircase to the Lair.
 11629 | D:10     | Found a basalt altar of Yredelemnul.
 11635 | D:10     | Found a shadowy altar of Dithmenos.
 11636 | D:10     | Found an opulent altar of Gozag.
 11638 | D:10     | Found a glowing silver altar of Zin.
 11640 | D:10     | Found a shimmering blue altar of Sif Muna.
 11819 | D:10     | Found a hazy altar of Hepliaklqana.
 12194 | D:10     | Found a white marble altar of Elyvilon.
 12226 | D:10     | Reached XP level 12. HP: 82/82 MP: 12/12
 12331 | D:11     | Reached skill level 13 in Stealth
 12414 | D:11     | Noticed a two-headed ogre
 12420 | D:11     | Killed a two-headed ogre
 13250 | Lair:1   | Entered Level 1 of the Lair of Beasts
 13314 | Lair:1   | Noticed Fannar
 13329 | Lair:1   | Killed Fannar
 13665 | Lair:1   | Noticed a seven-headed hydra
 13674 | Lair:1   | Killed a nine-headed hydra
 13678 | Lair:1   | Reached skill level 14 in Stealth
 14729 | Lair:2   | Found a transporter.
 14732 | Lair:2   | Found a transporter.
 14740 | Lair:2   | Noticed ragnag's ghost (journeyman SpEE)
 14765 | Lair:2   | Noticed a spriggan berserker
 15022 | Lair:2   | Found a bloodstained altar of Trog.
 15138 | Lair:2   | Reached skill level 1 in Evocations
 15506 | Lair:2   | HP: 1/127 [spriggan rider (7)]
 15508 | Lair:2   | Reached skill level 15 in Stealth
 15509 | Lair:2   | Reached XP level 13. HP: 1/90 MP: 11/13
 15509 | Lair:2   | Mangled by a spriggan

Illustrated notes

Levels and vault maps discovered:
D:1:      psy_arrival_spokes, layout_basic,
          shapermc_ecumenical_altar_starsandcircs
D:2:      layout_basic, nrook_loot_triangle, hangedman_abyss_or_decor_stabs,
          minmay_misc_feat_diagonals, kennysheep_generic_room_15
D:3:      layout_loops_ring, nicolae_vehumet_altar_sigil,
          kennysheep_generic_room_4
D:4:      corexii_shantytown, layout_loops_ring, minmay_misc_feat_rows,
          minmay_misc_feat_enclosed
D:5:      layout_loops_cross, pf_just_have_faith, temple_pool_b, uniq_eustachio,
          uniq_duvessa, uniq_edmund
D:6:      layout_loops_cross, gup_sewer_entry_spiral
D:7:      layout_basic, nicolae_tso_swordbearing_angel,
          amcnicky_mini_pool_small, uniq_joseph
D:8:      layout_basic, led_xom_imps, bloody_makhleb, minmay_misc_feat_tiny
D:9:      gammafunk_indiana_jones, layout_rooms, kennysheep_generic_room_13
D:10:     layout_irregular_city, minitemple, okawaru_ov_weapons_minmay,
          lemuel_round_altar, nicolae_hepliaklqana_monster_ancestors,
          erik_lair_orcish_takeover, uniq_josephine
D:11:     layout_irregular_city, erik_orc_1, portal_ice_cave_rime,
          minmay_misc_feat_four_crosses
Lair:1:   layout_cave_pods, serial_bayou_crossing, minmay_lair_oklob_chamber,
          grunt_megastairs_4, uniq_fannar
Lair:2:   layout_chaotic_city, gammafunk_ghost_wrathful_warriors

Skill      XL: |  1  2  3  4  5  6  7  8  9 10 11 12 |
---------------+-------------------------------------+-----
Stealth        | 2 4 5 6 7 9 11 12 15 | 15.1
Axes           | 4 5 6 8 9 10 12 13 | 13.5
Fighting       | 4 5 6 8 9 |  9.2
Dodging        | 4 5 6 7 8 |  8.3
Shields        | 1 4 |  4.0
Evocations     | 1 |  1.0

Action                   |  1- 3 |  4- 6 |  7- 9 | 10-12 | 13-15 || total
-------------------------+-------+-------+-------+-------+-------++-------
Melee: Hand axe          |    85 |    69 |   271 |   220 |       ||   645
       Constrict         |    21 |    12 |    58 |    63 |       ||   154
       Tentacles         |    12 |    10 |    67 |   105 |       ||   194
       War axe           |       |       |       |   138 |     1 ||   139
Invok: Berserk           |       |     1 |    13 |    21 |       ||    35
       Brothers in Arms  |       |       |       |     1 |       ||     1
Evoke: Wand              |       |       |       |     4 |       ||     4
  Use: Scroll            |       |     7 |     7 |     6 |       ||    20
       Potion            |       |       |     7 |     5 |       ||    12
 Stab: Sleeping          |     5 |    14 |    29 |    30 |       ||    78
       Distracted        |       |       |     1 |    12 |       ||    13
Armor: Skin              |     6 |     3 |     3 |    33 |       ||    45
Dodge: Dodged            |    56 |    34 |   116 |   113 |       ||   319
Block: Buckler           |       |       |    69 |   122 |       ||   191
